 Dungeon Crawl Stone Soup version 0.19-a0-1686-g35356ef (webtiles) character file.

1344 Grim the Grappler (level 8, 65/65 HPs)
             Began as a Formicid Fighter on Sept 25, 2016.
             Was a Follower of Yredelemnul.
             Quit the game on level 6 of the Dungeon.
             The game lasted 00:13:20 (6887 turns).

Grim the Grappler (Formicid Fighter)                Turns: 6887, Time: 00:13:20

Health: 65/65      AC:  9    Str: 21    XL:     8   Next: 94%
Magic:  8/8        EV:  7    Int:  8    God:    Yredelemnul [*.....]
Gold:   279        SH:  9    Dex: 12    Spells: 0 memorised, 7 levels left

rFire  . . .     SeeInvis +       - Unarmed
rCold  . . .     Gourm    .     a - +0 scale mail
rNeg   . . .     Faith    .     b - +0 shield
rPois  .         Spirit   .     (helmet unavailable)
rElec  .         Dismiss  .     n - +0 cloak
rCorr  .         Reflect  .     (no gloves)
MR     .....     Harm     .     (no boots)
Stlth  ..........               (no amulet)
                                (no ring)
                                (no ring)

@: no status effects
A: permanent stasis, dig shafts and tunnels, four strong arms, antennae 3
a: Dig, Shaft Self, Animate Remains, Renounce Religion


You were on level 6 of the Dungeon.
You worshipped Yredelemnul.
Yredelemnul was aware of your devotion.
You were not hungry.

You visited 1 branch of the dungeon, and saw 6 of its levels.

You collected 279 gold pieces.

Inventory:

Armour
 a - a +0 scale mail (worn)
 b - a +0 shield (worn)
 n - a +0 cloak (worn)
Jewellery
 r - an uncursed ring of protection from magic {unknown}
 u - a cursed ring of fire {unknown}
Scrolls
 e - 6 scrolls of identify {unknown}
 i - 4 scrolls of remove curse {unknown}
 j - 3 scrolls of noise {unknown}
 l - 2 scrolls of teleportation {unknown}
 m - 2 scrolls of enchant armour {unknown}
 o - a scroll of enchant weapon {unknown}
 p - a scroll of blinking {unknown}
 q - a scroll of magic mapping {unknown}
 t - a scroll of holy word {unknown}
Potions
 c - a potion of resistance {unknown}
 f - a potion of curing {unknown}
 g - 2 potions of ambrosia
 h - a potion of agility {unknown}
 k - 2 potions of heal wounds
 s - a potion of might
 x - a potion of lignification {unknown}
Books
 w - a book of Clouds

   Spells                             Type                      Level
   a - Mephitic Cloud                 Conjuration/Poison/Air       3
   b - Conjure Flame                  Conjuration/Fire             3
   c - Poisonous Cloud                Conjuration/Poison/Air       6
   d - Freezing Cloud                 Conjuration/Ice/Air          6
   e - Ring of Flames                 Charms/Fire                  7
Comestibles
 d - 4 bread rations
 v - a royal jelly
 z - a meat ration
 A - 4 chunks of flesh


   Skills:
 * Level 6.8 Fighting
 - Level 3.2 Armour
 - Level 3.6 Shields
 + Level 9.0 Unarmed Combat


You had 7 spell levels left.
You didn't know any spells.

Dungeon Overview and Level Annotations

Branches:
Dungeon (6/15)             Temple (0/1) D:6

Altars:
Okawaru
Yredelemnul
Zin

Shops:
D:4 %   D:5 [


Innate Abilities, Weirdness & Mutations

You are under a permanent stasis effect.
You can dig through walls and to a lower floor.
Your four strong arms can wield two-handed weapons with a shield.
You have a pair of large antennae on your head. (SInv)


Message History

Yredelemnul accepts your kill.
No target in view!
You start resting.
HP restored.
Things that are here:
a trident; a ring mail; an orc corpse You butcher the orc corpse.
A - 4 chunks of flesh
Things that are here:
a trident; a ring mail; an orc skeleton
Found a blackened rapier.
You see here a blackened rapier.
y - a blackened rapier Wield which item (- for none, * to show all)? (? for menu, Esc to quit)
y - the +7 rapier "Dirulot" (weapon)
{pierce, rF- rN++} Drop what? 27/52 slots (_ for help) (? for menu, Esc to quit)
You are now empty-handed.
You drop the +7 rapier "Dirulot" {pierce, rF- rN++}.
Unknown command.
Are you sure you want to abandon this character and quit the game? (Confirm with "yes".)

#. #.# #.. ##.## #.#
#.# #...# ##.## #.#
##...## #...# ##.#
#.....# #...###...
##.#.#.####...)...#. .
#........)).#.##.###
#...#..#.#.######...##
# .......@...#
####.### ......##.###
######.#. ..... #...
........# #... #####
######..# ##. #... #
#... #### # #


There were no monsters in sight!

Vanquished Creatures
  Eustachio (D:4)
  Duvessa (D:5)
  A phantom (D:5)
  An ogre (D:4)
  Dowan (D:5)
  A scorpion (D:6)
  The ghost of Vesto the Skirmisher, a weakling GrFi (D:4)
  3 crimson imps
  A bullfrog zombie (D:5)
  3 orc priests
  A hound (D:5)
  A centaur skeleton (D:6)
  4 orc wizards
  2 bullfrog skeletons
  An iguana (D:4)
  A worker ant (D:4)
  A hound zombie (D:4)
  Robin (D:2)
  8 adders
  An ooze (D:2)
  An adder zombie (D:5)
  5 worms
  2 dart slugs
  2 leopard geckos (D:3)
  28 orcs
  3 ball pythons
  5 giant cockroaches
  9 hobgoblins
  6 jackals
  A quokka (D:4)
  9 bats
  6 frilled lizards
  15 goblins
  9 kobolds
  9 rats
145 creatures vanquished.

Notes
Turn   | Place    | Note
-------+----------+-------------------------------------------
     0 | D:1      | Grim the Formicid Fighter began the quest for the Orb.
     0 | D:1      | Reached XP level 1. HP: 18/18 MP: 1/1
   136 | D:1      | Reached XP level 2. HP: 24/24 MP: 2/2
   258 | D:1      | Reached skill level 3 in Unarmed Combat
   415 | D:1      | Reached XP level 3. HP: 28/29 MP: 3/3
   969 | D:2      | Found a faded altar of an unknown god.
   970 | D:2      | Noticed Robin
   999 | D:2      | Reached skill level 4 in Unarmed Combat
   999 | D:2      | Reached XP level 4. HP: 21/35 MP: 4/4
  1021 | D:2      | Killed Robin
  1586 | D:2      | Reached XP level 5. HP: 35/41 MP: 5/5
  2025 | D:3      | Reached skill level 5 in Unarmed Combat
  2375 | D:3      | Found a basalt altar of Yredelemnul.
  2598 | D:3      | Reached XP level 6. HP: 32/47 MP: 6/6
  2607 | D:3      | Reached skill level 6 in Unarmed Combat
  3118 | D:3      | Became a worshipper of Yredelemnul the Dark
  3540 | D:4      | Noticed Vesto's ghost (weakling GrFi)
  3556 | D:4      | Killed Vesto's ghost
  3764 | D:4      | Noticed an ogre
  3772 | D:4      | Killed an ogre
  3772 | D:4      | Reached skill level 7 in Unarmed Combat
  3772 | D:4      | Reached XP level 7. HP: 52/52 MP: 7/7
  3803 | D:4      | Noticed Eustachio
  3852 | D:4      | Killed Eustachio
  4157 | D:4      | Reached skill level 8 in Unarmed Combat
  4774 | D:4      | Found Miaroj's Food Shoppe.
  5048 | D:5      | Entered Level 5 of the Dungeon
  5072 | D:5      | Found an iron altar of Okawaru.
  5084 | D:5      | Reached XP level 8. HP: 60/60 MP: 8/8
  5196 | D:5      | Reached * piety under Yredelemnul
  5593 | D:5      | Reached skill level 5 in Fighting
  5701 | D:5      | Noticed Duvessa
  5701 | D:5      | Noticed Dowan
  5718 | D:5      | Killed Duvessa
  5739 | D:5      | Killed Dowan
  6217 | D:5      | Found Ecraeco's Armour Emporium.
  6309 | D:6      | Found a staircase to the Ecumenical Temple.
  6563 | D:6      | Found a glowing silver altar of Zin.
  6564 | D:6      | Noticed an angel
  6830 | D:6      | Reached skill level 9 in Unarmed Combat
  6884 | D:6      | Got a blackened rapier
  6885 | D:6      | Identified the +7 rapier "Dirulot" {pierce, rF- rN++} (You found it on level 6 of the Dungeon)
  6887 | D:6      | Quit the game

Vault maps used:
D:1:      minmay_arrival_semitransparent
D:2:      first_bread, ecumenical_altar_1, uniq_robin
D:3:      yredelemnul_altar_generic
D:4:      nicolae_ossuary_entry_false_entrances, serial_shops, shop,
          uniq_eustachio
D:5:      serial_shops, shop, basic_altar, uniq_duvessa
D:6:      zin_angel

Skill      XL: |  1  2  3  4  5  6  7  8 |
---------------+-------------------------+-----
Unarmed Combat | 3 4 5 7 8 9 |  9.0
Fighting       | 4 6 |  6.8
Armour         | |  3.2
Shields        | |  3.6

Action                   |  1- 3 |  4- 6 |  7- 9 || total
-------------------------+-------+-------+-------++-------
Melee: Unarmed           |   140 |   307 |   232 ||   679
  Use: Potion            |       |     1 |     2 ||     3
  Eat: Chunk             |       |     9 |     2 ||    11
       Bread ration      |       |       |     2 ||     2
Armor: Scale mail        |    38 |   102 |   129 ||   269
Dodge: Dodged            |    24 |    81 |    77 ||   182
Block: Shield            |    56 |   134 |   136 ||   326
